[Event "Team 45 45 League T62"]
[Site "Internet Chess Club"]
[Date "2014.09.14"]
[Round "2"]
[White "alexping"]
[Black "Goli"]
[Result "1/2-1/2"]
[WhiteElo "1886"]
[BlackElo "1860"]
[Opening "King's Indian: Sämisch, 6...Nc6"]
[ECO "E83"]
[Time "12:02:57"]
[TimeControl "2700+45"]

1. d4 Nf6 2. c4 g6 3. Nc3 Bg7 4. e4 d6 5. f3 O-O 6. Be3 Nc6 7. Bd3 e5 8. Nge2
exd4 9. Nxd4 Ne5 10. O-O a6 11. Rc1 Nxd3 12. Qxd3 Qe7 13. Bg5 h6 14. Nd5 Qd8 15.
Be3 Nd7 16. Qd2 Kh7 17. b3 Ne5 18. h3 c6 19. Nc3 Qe7 20. Rce1 Qc7 21. f4 Nd7 22.
f5 Nf6 23. Qd3 g5 24. Nf3 Ne8 25. Bd4 f6 26. h4 g4 27. Nd2 h5 28. Na4 b5 29. Nc3
Bh6 30. Ne2 Bb7 31. Be3 Rf7 32. Bxh6 Kxh6 33. Qe3+ Kh7 34. Nf4 Ng7 35. Ng6 Re8
36. Qf4 d5 37. Qxc7 Rxc7 38. exd5 Rxe1 39. Rxe1 cxd5 40. Re7 Rxe7 41. Nxe7 dxc4
42. bxc4 bxc4 43. Nxc4 Ne8 44. a3 Kg7 45. Kf2 Kf7 46. Ng6 Be4 47. Nf4 Bxf5 48.
Nxh5 Be6 49. Nd2 Nd6 50. Ke3 Nf5+ 51. Kf2 Nxh4 52. Ne4 f5 53. Nc5 Bc8 54. Nf4
Ng6 55. Nfd3 Ke7 56. Nb4 Kd6 57. Ncxa6 Bxa6 58. Nxa6 Kc6 {Game drawn by mutual
agreement} 1/2-1/2

[Event "Team 45 45 League T62"]
[Site "Internet Chess Club"]
[Date "2014.09.06"]
[Round "2"]
[White "room-matt"]
[Black "bobhill"]
[Result "1-0"]
[WhiteElo "1871"]
[BlackElo "1942"]
[Opening "Sicilian: Grand Prix attack"]
[ECO "B23"]
[Time "11:06:13"]
[TimeControl "2700+45"]

1. e4 c5 2. Nc3 Nc6 3. f4 g6 4. Bb5 Bg7 5. Bxc6 dxc6 6. d3 Nf6 7. Nf3 O-O 8. O-O
b6 9. Qe1 a5 10. a4 Ra7 11. Kh1 Ng4 12. Qh4 f5 13. Ng5 h6 14. Nf3 e6 15. e5 h5
16. Qg3 Qe8 17. h3 Nh6 18. Ng5 Nf7 19. Nf3 Kh7 20. Qh4 Bh6 21. g4 fxg4 22. Ne4
Bg7 23. hxg4 Rh8 24. g5 c4 25. dxc4 c5 26. Nf6+ Bxf6 27. gxf6 Qc6 28. Qg3 Ba6
29. b3 Rd7 30. Be3 Bb7 31. Rf2 Rhd8 32. Rg1 Qe4 33. Kh2 Rd1 34. Rgg2 Rg8 35.
Ng5+ Nxg5 36. fxg5 h4 37. Qh3 Rf8 38. Qxe6 Rdd8 39. Qe7+ {Black resigns} 1-0

[Event "Team 45 45 League T62"]
[Site "Internet Chess Club"]
[Date "2014.09.08"]
[Round "2"]
[White "misuc56"]
[Black "tsia68"]
[Result "1-0"]
[WhiteElo "1829"]
[BlackElo "1802"]
[Opening "King's Indian defense, 3.Nc3"]
[ECO "E61"]
[Time "13:02:14"]
[TimeControl "2700+45"]

1. d4 Nf6 2. c4 g6 3. Nc3 Bg7 4. h3 O-O 5. e3 d6 6. Nf3 Nbd7 7. Be2 e5 8. O-O c6
9. Bd2 Re8 10. Rc1 e4 11. Nh2 Nf8 12. Kh1 h5 13. a3 Bf5 14. Rg1 N8h7 15. b4 Ng5
16. h4 Ngh7 17. g3 Qd7 18. f3 exf3 19. Bxf3 Ne4 20. Nxe4 Bxe4 21. Bxe4 Rxe4 22.
Qf3 Nf6 23. Rgf1 Rae8 24. Rf2 Ng4 25. Nxg4 hxg4 26. Qg2 Bh6 27. Rc3 Bxe3 28.
Bxe3 Rxe3 29. Rxe3 Rxe3 30. a4 Qe6 31. d5 cxd5 32. cxd5 Qe5 33. Kh2 Rd3 34. Rd2
Rxd2 35. Qxd2 Kg7 36. b5 Kf6 37. a5 Kf5 38. Qg5+ Ke4 39. Qxg4+ Kxd5 40. Qf3+ Kc5
41. Qxf7 Qe4 42. a6 bxa6 43. bxa6 Qe2+ 44. Kg1 Qxa6 45. Qxg6 Qa1+ 46. Kg2 a5 47.
h5 a4 48. h6 a3 49. Qg7 Qb2+ 50. Kh3 d5 51. Qc7+ Kb5 52. h7 Qh8 53. Qb7+ Kc5 54.
Qa7+ Kb5 55. Qd7+ Kc5 56. Qe7+ Kb5 57. Qe2+ Kc5 58. Qc2+ Kd6 59. Qg6+ Kc5 60.
Qg8 Qa1 61. h8=Q Qh1+ 62. Kg4 Qe4+ 63. Kg5 Qe3+ 64. Kf6 Qf4+ 65. Ke6 Qd6+ 66.
Kf7 Qd7+ 67. Kf6 Qd6+ 68. Qe6 Qf4+ 69. Ke7 Qc7+ 70. Qd7 Qxg3 71. Qhc8+ Kd4 72.
Qg4+ Qxg4 73. Qxg4+ Kc3 74. Qf3+ Kb2 75. Qe2+ Kb1 76. Qd1+ Kb2 77. Qd4+ Kb1 78.
Qb4+ Ka2 79. Kd6 {Black resigns} 1-0

[Event "Team 45 45 League T62"]
[Site "Internet Chess Club"]
[Date "2014.09.05"]
[Round "2"]
[White "Duguesclin"]
[Black "Beetlejuice"]
[Result "1-0"]
[WhiteElo "1766"]
[BlackElo "1797"]
[Opening "Dutch with c4 & Nc3"]
[ECO "A85"]
[Time "15:00:55"]
[TimeControl "2700+45"]

1. d4 f5 2. c4 Nf6 3. Nc3 g6 4. Nf3 Bg7 5. Bg5 d6 6. Qb3 O-O 7. c5+ Kh8 8. O-O-O
Qe8 9. e3 dxc5 10. dxc5 Nbd7 11. Qc4 e5 12. c6 Nb6 13. cxb7 Bxb7 14. Qxc7 Ne4
15. Bb5 Rc8 16. Rd8 Rxc7 17. Rxe8 Rxe8 18. Bxe8 Nd5 19. Rd1 h6 20. Bd8 Rc8 21.
Bxg6 Nexc3 22. bxc3 Rxd8 23. Bxf5 Bf6 24. c4 Nb6 25. Rxd8+ Bxd8 26. Nxe5 Bxg2
27. Nf7+ Kg7 28. Nxd8 Nxc4 29. Ne6+ Kf6 30. Nd4 Ke5 31. Bd3 Nd6 32. f3 Kd5 33.
Kd2 Kc5 34. Ke2 Bh3 35. a4 Bd7 36. a5 Nb7 37. a6 Nd8 38. h4 Nf7 39. f4 Nd6 40.
Kf3 Ne8 41. f5 Nf6 42. Kf4 Nd5+ 43. Ke4 Nf6+ 44. Ke5 Ng4+ 45. Kf4 Nf6 46. Nf3
Nd5+ 47. Ke4 Nf6+ 48. Ke5 Ng4+ 49. Kf4 Nf6 50. e4 Bc6 51. e5 Nd5+ 52. Kg3 Nb4
53. f6 Bd5 54. Bg6 Nxa6 55. f7 Bxf7 56. Bxf7 Nb4 57. Kg4 a5 58. Nd2 a4 59. Nc4
Nd5 60. Na3 Ne3+ 61. Kf3 Nf5 62. h5 Kb4 63. Kf4 Ne7 64. Nc2+ Kc3 65. Ne3 Kb2 66.
Nc4+ Kc3 67. Ne3 Kb2 68. Nf5 Nc8 69. e6 Ne7 70. Nxe7 a3 71. Nc6 a2 72. e7 a1=Q
73. e8=Q Qf1+ 74. Ke5 Qe2+ 75. Kf6 Qf3+ 76. Kg7 Qg4+ 77. Kxh6 Qf4+ 78. Kg7 Qg3+
79. Bg6 Qh4 80. Qe5+ Kb3 81. Nd4+ Kc4 82. Bf7+ Kd3 83. Qf6 Qh1 84. h6 {Black
resigns} 1-0

[Event "Team 45 45 League T62"]
[Site "Internet Chess Club"]
[Date "2014.09.08"]
[Round "2"]
[White "gtmorton"]
[Black "DouDou"]
[Result "1-0"]
[WhiteElo "1823"]
[BlackElo "1908"]
[Opening "King's Indian: Torre attack"]
[ECO "A48"]
[Time "21:31:43"]
[TimeControl "2700+45"]

1. d4 Nf6 2. Nf3 g6 3. Bg5 Bg7 4. Nbd2 d5 5. e3 O-O 6. Bd3 c5 7. c3 Qb6 8. Rb1
Nc6 9. O-O Re8 10. Re1 e5 11. Bxf6 Bxf6 12. e4 dxe4 13. Nxe4 Be7 14. dxc5 Qc7
15. b4 Kg7 16. Bc4 Rd8 17. Qb3 f5 18. Nd6 e4 19. Nb5 Qb8 20. Nfd4 Qe5 21. Nxc6
bxc6 22. Nd4 Bd7 23. Rbd1 Rab8 24. Qa4 Rb7 25. Qa6 Rc7 26. Bb3 Bf6 27. Qc4 Rf8
28. Re2 a5 29. a3 axb4 30. cxb4 Rb7 31. f3 Qe8 32. fxe4 fxe4 33. Rde1 Qa8 34. a4
Qb8 35. Rxe4 Kh8 36. Nf3 Bf5 37. Rd4 g5 38. Re3 Bg6 39. Rd6 Rxb4 40. Qe6 Rf4 41.
Ne5 Bg7 42. Nxg6+ hxg6 43. Rh3+ Rh4 44. Qg4 Qxb3 45. Qxh4+ gxh4 46. Rxb3 Be5 47.
Rd1 Kg7 48. a5 Ra8 49. Ra3 Bb2 50. Ra4 Bc3 51. a6 Kh6 52. Rd6 {Black resigns}
1-0

[Event "Team 45 45 League T62"]
[Site "Internet Chess Club"]
[Date "2014.09.06"]
[Round "2"]
[White "hood"]
[Black "fkramer"]
[Result "0-1"]
[WhiteElo "1904"]
[BlackElo "1829"]
[Opening "French: Fort Knox variation"]
[ECO "C03"]
[Time "12:16:18"]
[TimeControl "2700+45"]

1. e4 e6 2. d4 d5 3. Nd2 dxe4 4. Nxe4 Bd7 5. Nf3 Bc6 6. Bd3 Nd7 7. c3 Ngf6 8.
Nxf6+ Nxf6 9. O-O Bxf3 10. Qxf3 c6 11. Re1 Qc7 12. a4 Bd6 13. h3 Nd5 14. Qg4
O-O-O 15. Bd2 Bf4 16. Qe2 Bxd2 17. Qxd2 Nf4 18. Be4 e5 19. b4 Qd6 20. b5 c5 21.
d5 Qh6 22. Rad1 Qd6 23. Kh2 f6 24. g3 Ng6 25. c4 Ne7 26. a5 f5 27. Bg2 Rhe8 28.
Re2 f4 29. Rde1 Ng6 30. Be4 Qf6 31. Bxg6 hxg6 32. gxf4 Rh8 33. fxe5 Qf3 {White
resigns} 0-1

[Event "Team 45 45 League T62"]
[Site "Internet Chess Club"]
[Date "2014.09.06"]
[Round "2"]
[White "chessfish1"]
[Black "joebobpop"]
[Result "1-0"]
[WhiteElo "1788"]
[BlackElo "1918"]
[Opening "Ruy Lopez: 5.O-O"]
[ECO "C78"]
[Time "15:09:27"]
[TimeControl "2700+45"]

1. e4 e5 2. Nf3 Nc6 3. Bb5 a6 4. Ba4 Nf6 5. O-O b5 6. Bb3 Bc5 7. c3 d6 8. d4 Bb6
9. a4 Bg4 10. Bg5 O-O 11. Bd5 Qd7 12. Bxf6 gxf6 13. Bxc6 Qxc6 14. Nxe5 Bxd1 15.
Nxc6 Bxa4 16. Nd2 f5 17. b3 Bxb3 18. Nxb3 fxe4 19. Ne7+ Kh8 20. Nd2 f5 21. Nd5
Rf7 22. Rfe1 Rg7 23. f3 exf3 24. Nxf3 Rgg8 25. Nxb6 cxb6 26. Re6 Rg6 27. d5 a5
28. Nd4 Rag8 29. Ra2 b4 30. cxb4 axb4 31. Nxf5 b3 32. Rb2 Ra8 33. g3 Ra1+ 34.
Kf2 Ra2 35. Ree2 Rxb2 36. Rxb2 Rf6 37. g4 h5 38. h3 hxg4 39. hxg4 Kh7 40. Rxb3
Kg6 41. Rxb6 Kg5 42. Kg3 Rxf5 43. gxf5 Kxf5 44. Rxd6 Ke5 45. Rd8 Kf6 46. Kf4 Ke7
47. Ra8 Kd6 48. Ke4 Ke7 49. Ke5 Kd7 50. Ra6 Ke7 51. Ra7+ Kd8 52. Kd6 Ke8 53. Rb7
Kf8 54. Ke6 Kg8 55. Kf6 Kf8 56. Rb8# {Black checkmated} 1-0

[Event "Team 45 45 League T62"]
[Site "Internet Chess Club"]
[Date "2014.09.07"]
[Round "2"]
[White "chessfreak2001"]
[Black "OzymandiasVII"]
[Result "1/2-1/2"]
[WhiteElo "1720"]
[BlackElo "1739"]
[Opening "Sicilian: Kan, 5.Nc3"]
[ECO "B43"]
[Time "13:04:06"]
[TimeControl "2700+45"]

1. e4 c5 2. Nf3 e6 3. d4 cxd4 4. Nxd4 a6 5. Nc3 Bc5 6. Be3 Ba7 7. Qd2 b5 8. a3
Bb7 9. f3 Ne7 10. O-O-O d5 11. Nb3 Bb6 12. Qf2 Nd7 13. Bxb6 Nxb6 14. exd5 Nexd5
15. Na5 Rb8 16. Nxb7 Rxb7 17. Qe2 O-O 18. Nxd5 Nxd5 19. Qe4 Rc7 20. Bd3 Qg5+ 21.
Kb1 g6 22. Qe2 Rfc8 23. Qd2 Qf6 24. Be4 Nb6 25. Qd4 Nd7 26. Qxf6 Nxf6 27. Bd3
Nd5 28. Rd2 Kg7 29. Be4 Nf6 30. Bd3 Rc5 31. Rhd1 Nd5 32. Be4 Ne3 33. Re1 Nc4 34.
Rd3 a5 35. Rd4 R8c7 36. Bd3 e5 37. Rh4 f6 38. Bxc4 bxc4 39. Rhe4 a4 40. c3 Rd7
41. R4e2 Rd3 42. Re3 Rd2 43. R1e2 Rd1+ 44. Kc2 Rh1 45. h3 Rd5 46. Rd2 Rxd2+ 47.
Kxd2 Rg1 48. Re2 Rb1 49. Ke3 f5 50. Kf2 Kf6 51. Ke3 Rf1 52. Kd2 Rb1 53. Ke3 h5
54. f4 Rd1 55. fxe5+ Kxe5 56. Kf3+ Kf6 57. Kf4 g5+ 58. Ke3 Rd3+ 59. Kf2 h4 60.
Re8 Rd2+ 61. Re2 Rxe2+ 62. Kxe2 Ke5 63. Ke3 Kd5 64. Kf3 Ke5 65. Ke3 f4+ 66. Kf3
Kf5 67. Kf2 Ke4 68. Ke2 Ke5 69. Kf3 Kf5 70. Kf2 Ke4 71. Ke2 {Game drawn by
mutual agreement} 1/2-1/2

[Event "Team 45 45 League T62"]
[Site "Internet Chess Club"]
[Date "2014.09.07"]
[Round "2"]
[White "xwang1"]
[Black "Jack-ONeill"]
[Result "1/2-1/2"]
[WhiteElo "2033"]
[BlackElo "2066"]
[Opening "French: Tarrasch, open variation"]
[ECO "C07"]
[Time "12:03:21"]
[TimeControl "2700+45"]

1. e4 e6 2. d4 d5 3. Nd2 c5 4. Ngf3 cxd4 5. Nxd4 Nf6 6. e5 Nfd7 7. N2f3 Nc6 8.
Bf4 Qb6 9. c3 Nxd4 10. Nxd4 Qxb2 11. Nb5 Bc5 12. Be2 O-O 13. Rb1 Qxa2 14. Ra1
Qb2 15. O-O Bb6 16. Rb1 Qa2 17. Ra1 Qb2 18. Rb1 Qa2 19. Ra1 Qb2 {Game drawn by
repetition} 1/2-1/2

[Event "Team 45 45 League T62"]
[Site "Internet Chess Club"]
[Date "2014.09.05"]
[Round "2"]
[White "Ptzz"]
[Black "jjimalo"]
[Result "1-0"]
[WhiteElo "2068"]
[BlackElo "1898"]
[Opening "Nimzo-Indian: classical variation"]
[ECO "E32"]
[Time "10:31:23"]
[TimeControl "2700+45"]

1. d4 Nf6 2. c4 e6 3. Nc3 Bb4 4. Qc2 O-O 5. a3 Bxc3+ 6. Qxc3 Ne4 7. Qc2 d5 8.
Nf3 c5 9. e3 Nc6 10. Bd3 f5 11. O-O Bd7 12. b3 cxd4 13. Nxd4 Nxd4 14. exd4 Rc8
15. c5 Qf6 16. Qb2 Kh8 17. a4 f4 18. f3 Ng5 19. b4 Nf7 20. Re1 g5 21. Qf2 h5 22.
Bd2 Rg8 23. g3 Rg7 24. b5 Rf8 25. Kh1 fxg3 26. hxg3 Nh6 27. Kg2 Nf5 28. Bxf5
Qxf5 29. Re5 Qf6 30. Rae1 Rgf7 31. Rh1 Rg8 32. Rxh5+ Rh7 33. Bxg5 Qg6 34. Rxh7+
Kxh7 35. g4 Qd3 36. Qh4+ Kg7 37. Qh6+ Kf7 38. Qf6+ {Black resigns} 1-0

[Event "Team 45 45 League T62"]
[Site "Internet Chess Club"]
[Date "2014.09.07"]
[Round "2"]
[White "laurenpar"]
[Black "Holgate"]
[Result "1/2-1/2"]
[WhiteElo "1950"]
[BlackElo "2042"]
[Opening "King's Indian: 5.Nf3"]
[ECO "E90"]
[Time "08:00:43"]
[TimeControl "2700+45"]

1. Nf3 g6 2. c4 Bg7 3. Nc3 Nf6 4. e4 d6 5. d4 O-O 6. g3 c5 7. h3 cxd4 8. Nxd4
Nc6 9. Be3 Nxd4 10. Bxd4 Qa5 11. Bd3 Be6 12. Kf1 a6 13. Kg2 Rfc8 14. Qe2 b5 15.
cxb5 Qb4 16. b6 Rcb8 {Game drawn by mutual agreement} 1/2-1/2

[Event "Team 45 45 League T62"]
[Site "Internet Chess Club"]
[Date "2014.09.05"]
[Round "2"]
[White "Tobiasdelmonte"]
[Black "arhrid"]
[Result "0-1"]
[WhiteElo "1807"]
[BlackElo "1809"]
[Opening "Ruy Lopez: Anderssen variation"]
[ECO "C77"]
[Time "23:08:25"]
[TimeControl "2700+45"]

1. e4 e5 2. Nf3 Nc6 3. Bb5 a6 4. Ba4 Nf6 5. d3 b5 6. Bb3 Bc5 7. O-O d6 8. c3 O-O
9. Bg5 h6 10. Bh4 g5 11. Bg3 Kh7 12. d4 exd4 13. cxd4 Bb6 14. e5 dxe5 15. Qc2+
Kg7 16. Qxc6 Bd7 17. Qc2 exd4 18. Ne5 c5 19. Nxd7 Qxd7 20. a4 c4 21. Ba2 d3 22.
Qd2 Ne4 23. Qc1 Qg4 24. Be5+ f6 25. Bc3 Rae8 26. Nd2 Nxf2 27. Nf3 Nd1+ 28. Kh1
Re2 29. Ne1 Nf2+ 30. Kg1 d2 31. Bxd2 Nd3+ 32. Kh1 Nxe1 {White resigns} 0-1

[Event "Team 45 45 League T62"]
[Site "Internet Chess Club"]
[Date "2014.09.04"]
[Round "2"]
[White "f5"]
[Black "chess9793"]
[Result "1-0"]
[WhiteElo "2117"]
[BlackElo "2057"]
[Opening "Neo-Grünfeld, 6.O-O"]
[ECO "D77"]
[Time "23:01:02"]
[TimeControl "2700+45"]

1. d4 Nf6 2. Nf3 g6 3. g3 Bg7 4. Bg2 O-O 5. O-O d5 6. c4 Nbd7 7. Na3 Nb6 8. c5
Nbd7 9. Bf4 Nh5 10. Bg5 Ndf6 11. Qc1 Ne4 12. Bh6 c6 13. Ne5 g5 14. Bxg7 Nxg7 15.
f3 f6 16. Nd3 Nxg3 17. hxg3 Nh5 18. Qe1 Qc7 19. f4 gxf4 20. Nxf4 Nxf4 21. gxf4
Kh8 22. Qh4 Rg8 23. e3 Bf5 24. Kf2 Qd7 25. Bf3 Rg7 26. Rg1 Rag8 27. Rxg7 Rxg7
28. Rg1 Rxg1 29. Kxg1 Bg6 30. Bg4 Qd8 31. f5 Bf7 32. Nb1 Qa5 33. Nc3 Qb4 34. Qf2
b6 35. cxb6 axb6 36. Qc2 c5 37. a3 Qc4 38. Be2 {Black resigns} 1-0

[Event "Team 45 45 League T62"]
[Site "Internet Chess Club"]
[Date "2014.09.06"]
[Round "2"]
[White "chess9397"]
[Black "primerpaso"]
[Result "0-1"]
[WhiteElo "1711"]
[BlackElo "1971"]
[Opening "Sicilian: Najdorf, Byrne (English) attack"]
[ECO "B90"]
[Time "21:02:03"]
[TimeControl "2700+45"]

1. e4 c5 2. Nf3 d6 3. d4 cxd4 4. Nxd4 Nf6 5. Nc3 a6 6. Be3 e5 7. Nb3 Be6 8. f3
Nbd7 9. Qd2 b5 10. g4 h6 11. h4 b4 12. Nd5 Bxd5 13. exd5 Nb6 14. Qxb4 Nfxd5 15.
Qd2 Nxe3 16. Qxe3 Be7 17. O-O-O O-O 18. Kb1 Qc7 19. g5 h5 20. f4 Rfc8 21. Bd3
exf4 22. Qxf4 g6 23. Rhf1 Bf8 24. Be4 Rab8 25. Qf6 Nc4 26. Bxg6 fxg6 27. Qxg6+
Qg7 28. Qe6+ Kh8 29. Rf6 Qe7 30. Qf5 Qe5 31. Qxe5 dxe5 32. Rd7 Rd8 33. Rxd8 Rxd8
34. c3 Re8 35. Rxa6 e4 36. Rf6 e3 37. Rf1 Bd6 38. Re1 Bg3 39. Re2 Bxh4 40. a4
Bxg5 41. a5 Ra8 {White resigns} 0-1

[Event "Team 45 45 League T62"]
[Site "Internet Chess Club"]
[Date "2014.09.11"]
[Round "2"]
[White "santiagoelawad"]
[Black "LiangLiang"]
[Result "1-0"]
[WhiteElo "1985"]
[BlackElo "1897"]
[Opening "English: Anglo-Grünfeld defense"]
[ECO "A16"]
[Time "19:00:26"]
[TimeControl "2700+45"]

1. c4 Nf6 2. Nc3 d5 3. cxd5 Nxd5 4. e4 Nxc3 5. dxc3 Qxd1+ 6. Kxd1 e6 7. Be3 b6
8. Bb5+ c6 9. Bd3 Bb7 10. Nf3 c5 11. Bb5+ Nc6 12. Kc2 O-O-O 13. Nd2 a6 14. Be2
Kc7 15. a4 Be7 16. f3 Rd7 17. Nc4 f6 18. Rhd1 Rxd1 19. Rxd1 Rd8 20. Rxd8 Bxd8
21. Nd2 e5 22. Nb3 Be7 23. a5 Nxa5 24. Nxa5 bxa5 25. Kb3 Kb6 26. Kc4 Bc6 27. Bd1
a4 28. Bf2 a5 29. Be3 g5 30. h3 Be8 31. Kd3 Kb5 32. c4+ Ka6 33. Kc2 h5 34. Kb1
Bf7 35. Be2 Kb6 36. Ka2 h4 37. Ka3 Be8 38. Bd1 Bf7 39. Be2 Be8 40. Bf2 Bd7 41.
Bg1 Be8 42. Be3 Bd7 43. Bf2 Be8 44. Bd3 Bd7 45. Bc2 Be6 46. Bd3 Bd7 47. Bf1 Bd8
48. Be1 Be8 49. Bd3 Bd7 50. Bc2 Be6 51. Kxa4 Bxc4 52. Bxa5+ {Black resigns} 1-0

[Event "Team 45 45 League T62"]
[Site "Internet Chess Club"]
[Date "2014.09.05"]
[Round "2"]
[White "DouDou"]
[Black "frank001"]
[Result "0-1"]
[WhiteElo "1910"]
[BlackElo "1784"]
[Opening "Sicilian: Najdorf, Byrne (English) attack"]
[ECO "B90"]
[Time "22:06:42"]
[TimeControl "2700+45"]

1. e4 c5 2. Nf3 d6 3. d4 cxd4 4. Nxd4 Nf6 5. Nc3 a6 6. Be3 e5 7. Nb3 Be6 8. f3
h5 9. Qd2 Nbd7 10. O-O-O Rc8 11. Kb1 Be7 12. Nd5 Bxd5 13. exd5 Nb6 14. Bxb6 Qxb6
15. Be2 O-O 16. g4 g6 17. gxh5 Nxh5 18. Bd3 Nf4 19. Rhg1 Kg7 20. c4 Rh8 21. Rc1
Rh5 22. Rh1 Rch8 23. Rcf1 Bg5 24. Qc2 Qe3 25. Be4 f5 26. Re1 Qb6 27. Bd3 Nxd3
28. Qxd3 Rxh2 29. Rhg1 Kf6 30. c5 Qc7 31. cxd6 Qxd6 32. Nd4 Qxd5 33. Rxg5 Qxd4
34. Qxd4 exd4 35. Rgg1 Rf2 36. Rgf1 Rxf1 37. Rxf1 Ke5 38. Kc2 Rh2+ 39. Kb3 Kf4
40. a3 d3 41. Kc3 Ke3 42. Rg1 Rc2+ 43. Kb3 Rc6 44. Rd1 d2 45. f4 Ke2 46. Rxd2+
Kxd2 47. Ka2 Ke3 48. b4 b5 49. Kb3 Kxf4 50. a4 Ke4 51. axb5 axb5 52. Kb2 Kd3 53.
Ka1 Kc4 {White resigns} 0-1

[Event "Team 45 45 League T62"]
[Site "Internet Chess Club"]
[Date "2014.09.07"]
[Round "2"]
[White "Enzo25"]
[Black "NFork"]
[Result "1-0"]
[WhiteElo "2108"]
[BlackElo "2124"]
[Opening "Caro-Kann: classical, Spassky variation"]
[ECO "B18"]
[Time "16:04:18"]
[TimeControl "2700+45"]

1. e4 c6 2. d4 d5 3. Nc3 dxe4 4. Nxe4 Bf5 5. Ng3 Bg6 6. Nf3 Nd7 7. h4 h6 8. h5
Bh7 9. Bd3 Bxd3 10. Qxd3 e6 11. Bd2 Ngf6 12. O-O-O Be7 13. Qe2 O-O 14. Nf1 Qb6
15. g4 Nh7 16. g5 Nxg5 17. Nxg5 hxg5 18. Rg1 Qb5 19. c4 Qa4 20. Kb1 Rae8 21.
Bxg5 Bxg5 22. Rxg5 Kh8 23. Ne3 Qb4 24. Rdg1 Rg8 25. Ng4 Qd6 26. Qe3 Qe7 27. Nh6
f6 28. Nxg8 Rxg8 29. Rg6 Nf8 30. d5 cxd5 31. cxd5 e5 32. Qg3 Qf7 33. d6 Ne6 34.
h6 Ng5 35. Rxg5 fxg5 36. hxg7+ Rxg7 37. Qxe5 Qf3 38. a3 Qd3+ 39. Ka1 Kh7 40.
Rh1+ {Black resigns} 1-0

[Event "Team 45 45 League T62"]
[Site "Internet Chess Club"]
[Date "2014.09.07"]
[Round "2"]
[White "Epcot"]
[Black "seikster"]
[Result "1-0"]
[WhiteElo "2106"]
[BlackElo "1765"]
[Opening "Catalan opening"]
[ECO "E00"]
[Time "10:33:14"]
[TimeControl "2700+45"]

1. d4 e6 2. c4 Nf6 3. g3 Bb4+ 4. Bd2 Be7 5. Bg2 d5 6. Nf3 O-O 7. O-O Nbd7 8. Qc2
Ne4 9. Bf4 c6 10. Nfd2 f5 11. Nxe4 fxe4 12. Nd2 Nf6 13. Rad1 Qb6 14. e3 c5 15.
dxc5 Qxc5 16. Nb3 Qb6 17. Be5 Nd7 18. Bc3 Nf6 19. cxd5 exd5 20. Bxf6 Bxf6 21.
Rxd5 Be6 22. Rd2 Rac8 23. Qxe4 Bxb3 24. axb3 Qxb3 25. Qxb7 Qxb7 26. Bxb7 Rc7 27.
Bd5+ Kh8 28. b3 Rd8 29. Rfd1 h6 30. Kf1 Rcd7 31. Ke2 Be5 32. f4 Bc3 33. Rd3 Bb4
34. e4 Rc7 35. Kf3 Rc2 36. h3 Bc5 37. Bc4 Rxd3+ 38. Rxd3 h5 39. e5 Rh2 40. Bf7
Rf2+ 41. Ke4 Re2+ 42. Kf5 h4 43. Rd8+ {Black resigns} 1-0

[Event "Team 45 45 League T62"]
[Site "Internet Chess Club"]
[Date "2014.09.06"]
[Round "2"]
[White "DARKwizard1"]
[Black "MeWantCookie"]
[Result "0-1"]
[WhiteElo "2050"]
[BlackElo "2089"]
[Opening "Benkö gambit accepted"]
[ECO "A58"]
[Time "11:04:58"]
[TimeControl "2700+45"]

1. d4 Nf6 2. c4 c5 3. d5 b5 4. cxb5 a6 5. bxa6 g6 6. g3 d6 7. Nf3 Bg7 8. Nc3
Bxa6 9. Bg2 Nfd7 10. O-O Nb6 11. Re1 O-O 12. e4 N8d7 13. Bf4 Nc4 14. Qc2 h6 15.
b3 Qa5 16. Rec1 Nce5 17. Nxe5 Nxe5 18. Bd2 Nd3 19. Rcb1 Nb4 20. Qc1 Bd3 21. Rb2
Qa3 22. h4 Rfb8 23. Bf3 c4 24. bxc4 Bc2 25. Rxc2 Nxc2 26. Qxc2 Rb2 27. Rc1 Rxc2
28. Rxc2 Rb8 29. Nb5 Qxf3 {White resigns} 0-1

[Event "Team 45 45 League T62"]
[Site "Internet Chess Club"]
[Date "2014.09.05"]
[Round "2"]
[White "f5"]
[Black "Shanghaied"]
[Result "0-1"]
[WhiteElo "2089"]
[BlackElo "1829"]
[Opening "Sicilian: closed, 6.f4"]
[ECO "B25"]
[Time "22:00:43"]
[TimeControl "2700+45"]

1. e4 c5 2. Nc3 Nc6 3. g3 g6 4. Bg2 Bg7 5. d3 d6 6. f4 e6 7. Nf3 Nge7 8. Be3 O-O
9. O-O b6 10. d4 d5 11. e5 Nf5 12. Bf2 Ba6 13. Re1 cxd4 14. Bxd4 Ncxd4 15. Nxd4
Nxd4 16. Qxd4 Qc7 17. Rac1 Rfc8 18. Nd1 Bf8 19. Nf2 Bc5 20. Qd2 Bb7 21. Kh1 h5
22. c3 Kg7 23. h4 b5 24. Nh3 a5 25. Ng5 Qe7 26. Kh2 b4 27. c4 dxc4 28. Ne4 c3
29. bxc3 bxc3 30. Qc2 Bxe4 31. Bxe4 Rab8 32. Rb1 Bd4 33. Red1 Qc5 34. Kh3 Rb2
35. Rxb2 cxb2 36. Qxc5 Bxc5 37. Rb1 Bd4 38. Kg2 Rc1 39. Kf3 a4 40. Ke2 a3 41.
Bd3 Bc3 42. Be4 Be1 43. Kf3 Rc3+ 44. Ke2 Bxg3 45. Kd2 Rc5 46. Ke3 Rc1 47. Bd3
Bxh4 48. Kd2 Rxb1 49. Bxb1 g5 50. fxg5 Bxg5+ 51. Kc3 h4 52. Kb3 Be7 53. Be4 h3
54. Kc2 Kh6 55. Kb1 Kg5 {White resigns} 0-1

[Event "Team 45 45 League T62"]
[Site "Internet Chess Club"]
[Date "2014.09.04"]
[Round "2"]
[White "Barrett-CCSCSL"]
[Black "xwang1"]
[Result "1-0"]
[WhiteElo "2138"]
[BlackElo "2031"]
[Opening "English opening"]
[ECO "A05"]
[Time "22:00:57"]
[TimeControl "2700+45"]

1. Nf3 Nf6 2. c4 g6 3. Nc3 Bg7 4. g3 O-O 5. Bg2 d6 6. d3 e5 7. O-O Nc6 8. Rb1 a5
9. Nb5 h6 10. Be3 Be6 11. b3 d5 12. Qc1 Kh7 13. Bc5 Re8 14. Re1 Nd7 15. cxd5
Bxd5 16. Ba3 Nb6 17. e4 Be6 18. Nd2 a4 19. Nc4 axb3 20. Nxb6 bxa2 21. Nxa8
axb1=Q 22. Qxb1 Qd7 23. Naxc7 Rb8 24. Bd6 Rc8 25. Rc1 h5 26. Qc2 Bh6 27. Ra1 Nd4
28. Qb2 Rxc7 29. Bxc7 Nxb5 30. Bxe5 Nd6 31. Ra8 Nc8 32. d4 Bc4 33. Qb4 Bg7 34.
Bxg7 Kxg7 35. Qc5 {Black resigns} 1-0

[Event "Team 45 45 League T62"]
[Site "Internet Chess Club"]
[Date "2014.09.07"]
[Round "2"]
[White "gump12345"]
[Black "Pomberito"]
[Result "1/2-1/2"]
[WhiteElo "2025"]
[BlackElo "2117"]
[Opening "Ruy Lopez: closed, Flohr-Zaitsev system (Lenzerheide variation)"]
[ECO "C92"]
[Time "22:03:25"]
[TimeControl "2700+45"]

1. e4 e5 2. Nf3 Nc6 3. Bb5 a6 4. Ba4 Nf6 5. O-O Be7 6. Re1 b5 7. Bb3 d6 8. c3
O-O 9. h3 Bb7 10. d4 Re8 11. Nbd2 Bf8 12. Bc2 h6 13. d5 Nb8 14. a4 Nbd7 15. b4
c6 16. dxc6 Bxc6 17. Nb3 Rc8 18. Bb2 Nb6 19. Na5 Ba8 20. axb5 axb5 21. Bd3 Nc4
22. Nxc4 bxc4 23. Bc2 Nh5 24. g3 Nf6 25. Qd2 d5 26. exd5 e4 27. Nh2 Bxd5 28. Ng4
Nxg4 29. hxg4 Re6 30. Rad1 Rd6 31. Qe3 Ra8 32. Bxe4 Ra2 33. Bxd5 Rxd5 34. Rxd5
Qxd5 35. Qc1 Qf3 36. Qb1 Ra8 37. Qe4 Qxe4 38. Rxe4 Ra2 39. Re2 Kh7 40. Kf1 Kg6
41. f4 h5 42. gxh5+ Kxh5 43. Kg2 Kg4 44. Rf2 Be7 45. Bc1 Ra1 46. Be3 Bf6 47. f5
Be5 48. Rf3 Ra2+ 49. Bf2 Rc2 50. b5 Rxc3 51. Rxc3 Bxc3 52. b6 Be5 53. b7 c3 54.
Bd4 c2 55. Bxe5 c1=Q 56. b8=Q Qd2+ 57. Kf1 {Game drawn by mutual agreement}
1/2-1/2

[Event "Team 45 45 League T62"]
[Site "Internet Chess Club"]
[Date "2014.09.06"]
[Round "2"]
[White "BigH"]
[Black "Happybear"]
[Result "1-0"]
[WhiteElo "2009"]
[BlackElo "1853"]
[Opening "Queen's bishop game"]
[ECO "D02"]
[Time "15:04:14"]
[TimeControl "2700+45"]

1. d4 d5 2. Nf3 Nf6 3. Bf4 e6 4. e3 Bd6 5. Bg3 O-O 6. Bd3 b6 7. Ne5 Bb7 8. Nd2
Ne4 9. Qh5 f5 10. Ndf3 Nf6 11. Qh3 Nc6 12. c3 Qe8 13. Ng5 Nd8 14. f4 h6 15. Ngf3
c5 16. Bh4 c4 17. Bc2 b5 18. g4 Ne4 19. Rg1 b4 20. gxf5 exf5 21. Bxd8 Qxd8 22.
Qxh6 Qf6 23. Rg6 bxc3 24. Bxe4 Bxe5 25. Ng5 Rfe8 26. Qh7+ Kf8 27. Rxf6+ Bxf6 28.
Bxf5 Rxe3+ 29. Kf1 cxb2 30. Re1 Rxe1+ 31. Kxe1 Re8+ 32. Ne6+ Ke7 33. Nxg7 Bxg7
34. Qxg7+ Kd6+ 35. Kd2 Bc8 36. Bxc8 Rxc8 37. Qe5+ Kc6 38. Qe6+ Kc7 39. Kc2
{Black resigns} 1-0